 Dungeon Crawl Stone Soup version 0.27.1-3-gb3d3a73c9e (webtiles) character file.

Game seed: 17567251042190743289

16 Descartes the Stinger (level 2, 19/19 HPs)
             Began as a Formicid Venom Mage on Oct 23, 2021.
             Got out of the dungeon alive.
             The game lasted 00:02:27 (1013 turns).

Descartes the Stinger (Formicid Venom Mage)         Turns: 1013, Time: 00:02:28

Health: 19/19      AC: 10    Str: 12    XL:     2   Next: 75%
Magic:  5/5        EV:  5    Int: 14    God:
Gold:   34         SH:  0    Dex: 11    Spells: 5/6 levels left

rFire    . . .     SeeInvis +   f - +0 club
rCold    . . .     Faith    .   (no shield)
rNeg     . . .     Spirit   .   j - +0 chain mail
rPois    .         Reflect  .   (helmet unavailable)
rElec    .         Harm     .   (no cloak)
rCorr    .         Rampage  .   (no gloves)
Will     .....                  b - +1 pair of boots
Stlth    ..........             (no amulet)
HPRegen  0.06/turn              (no ring)
MPRegen  0.09/turn              (no ring)

@: no status effects
A: permanent stasis, dig shafts and tunnels, antennae 3, four strong arms
a: Dig, Shaft Self


You escaped.
You visited 1 branch of the dungeon, and saw 1 of its levels.

You collected 34 gold pieces.

Inventory:

Hand Weapons
 c - a +0 dagger
 f - a +0 club (weapon)
Missiles
 d - 33 stones
Armour
 a - a +0 robe
 b - a +1 pair of boots (worn)
 j - a +0 chain mail (worn)
Scrolls
 h - a scroll of enchant weapon {unknown}
 i - a scroll of amnesia {unknown}
Potions
 e - a potion of curing {unknown}
 g - a potion of might {unknown}


   Skills:
 + Level 0.9 Armour
 - Level 1.7 Dodging
 - Level 2.5 Stealth
 + Level 2.5 Spellcasting
 - Level 1.2 Transmutations
 + Level 4.4 Poison Magic


You had 5 spell levels left.
You knew the following spells:

 Your Spells              Type           Power      Damage    Failure   Level
a - Sting                 Tmut/Pois      36%        1d4       97%         1

Your spell library contained the following spells:

 Spells                   Type           Power      Damage    Failure   Level
 Poisonous Vapours        Pois/Air       16%        N/A       99%         2
 Mephitic Cloud           Conj/Pois/Air  5%         N/A       100%        3
 Animate Dead             Necr           0%         N/A       100%        4
 Olgreb's Toxic Radiance  Pois           14%        N/A       100%        4
 Borgnjor's Vile Clutch   Necr/Erth      0%         N/A       100%        5
 Death Channel            Necr           0%         N/A       100%        6


Dungeon Overview and Level Annotations

Branches:
Dungeon (1/15)

Altars:


Innate Abilities, Weirdness & Mutations

You cannot be hasted, slowed, berserked, paralysed or teleported.
You can dig through walls and to a lower floor.
You have a pair of large antennae on your head. (SInv)
Your four strong arms can wield two-handed weapons with a shield.


Message History

Found a hunting sling.
You see here a +0 hunting sling.
Found a dagger and 17 gold pieces.
Found a chain mail.
You see here a +0 dagger.
You now have 28 gold pieces (gained 11).
You now have 34 gold pieces (gained 6).
A bat comes into view.
Casting: Sting (safe; 7% risk of failure)
Confirm with . or Enter, or press ? or * to list all spells.
Aiming: Sting (safe; 7% risk of failure)
Press: ? - help, Shift-Dir - straight line, f - bat
Aim: a bat (asleep, 100% to hit)
The sting hits the bat.
The bat is poisoned.
The bat is severely wounded.
You kill the bat!
Unknown command.
Casting: Sting (safe; 7% risk of failure)
Confirm with . or Enter, or press ? or * to list all spells.
You can't see any susceptible monsters within range! (Use Z to cast anyway.)
Found a hunting sling.
You see here a +0 chain mail.
j - a +0 chain mail
Casting: Sting (safe; 7% risk of failure)
Confirm with . or Enter, or press ? or * to list all spells.
Okay, then.
You start removing your armour.
You continue taking off your +0 robe. x4
You finish taking off your +0 robe.
You start putting on your armour.
You continue putting on your +0 chain mail. x5
You finish putting on your +0 chain mail.
Casting: Sting (safe; 97% risk of failure)
Confirm with . or Enter, or press ? or * to list all spells.
Okay, then.
You see here a +0 dagger.
There is a staircase leading out of the dungeon here.
Are you sure you want to leave the Dungeon?
This will make you lose the game! [Y]es or [N]o only, please.
Are you sure you want to leave the Dungeon?
This will make you lose the game!
You have escaped!

...#...##.# #.......#
#...# .....#....#
#.......# #...#
...#...##.# #.......#
#...#
.#.######.###.≈≈....#
######....
..........>.#.≈≈....#
...........
.#.######.###......##
#.#######.# .#.# #.#
#.####.# #.# ##.###
#.# #.#....# ##.#
.....# #.#
###.@.############..#
.###.# #.#
#...##.##.........#
.# #.####.#
######.##.######..#
.###......# #.##.#
#..# #....######
#####.##.######..#
....##
##................#
.###.##
##.........###.#...#
## ##.# #....####..#
#.#...# # #.# #.#.##
#..# #.#...#


There were no monsters in sight!

Vanquished Creatures
  A dart slug (D:1)
  An endoplasm (D:1)
  A kobold (D:1)
  2 quokkas (D:1)
  A ball python (D:1)
  3 bats (D:1)
  A frilled lizard (D:1)
  2 goblins (D:1)
  4 rats (D:1)
16 creatures vanquished.

Notes
Turn   | Place    | Note
-------+----------+-------------------------------------------
     0 | D:1      | Descartes the Formicid Venom Mage began the quest for the
                  | Orb.
     0 | D:1      | Reached XP level 1. HP: 13/13 MP: 3/3
   147 | D:1      | Reached XP level 2. HP: 19/19 MP: 5/5
  1013 | D:$      | Got out of the dungeon alive.

Illustrated notes

Levels and vault maps discovered:
D:1:      amcnicky_arrival_single_pillar, layout_loops_ring, minmay_pentomino_o4

Action                   || total
-------------------------++-------
Melee: Unarmed           ||    10
       Dagger            ||    12
 Cast: Sting             ||    27
Armor: Robe              ||    12
Dodge: Dodged            ||    20
